 Dungeon Crawl Stone Soup version 0.31.0-4-g52a2dc7128 (webtiles) character file.

Game seed: 281813299555309146

9172 hawla the Gouger (level 11, -1/52 HPs)
             Began as a Felid Shapeshifter on Jan 21, 2024.
             Was a High Priest of Makhleb.
             Slain by a slime creature (4 damage)
             ... on level 12 of the Dungeon.
             The game lasted 00:32:33 (11273 turns).

hawla the Gouger (Felid Shapeshifter)              Turns: 11273, Time: 00:32:34

Health: -1/52      AC:  2    Str: 14    XL:     11   Next: 19%
Magic:  0/15       EV: 23    Int: 14    God:    Makhleb [*****.]
Gold:   813        SH:  0    Dex: 16    Spells: 12/12 levels left
                                        Lives:  0   Deaths: 4

rFire   . .          .
                       - Unarmed
rCold   + . .        (shield unavailable)
rNeg    . . .        (body armour unavailable)
rPois   .            (helmet unavailable)
rElec   .            (cloak unavailable)
rCorr   .            (gloves unavailable)
SInv    +            (boots unavailable)
Will    ++...        f - amulet of guardian spirit
Stlth   +            q - ring of willpower
HPRegen 0.28/turn    j - ring of protection from cold
MPRegen 0.14/turn

%: guardian spirit
@: flux-form, on berserk cooldown, slowed, glowing, studying Shapeshifting, very
slow
A: glow, contaminating, very small, claws 1, fangs 3, see invisible, shaggy fur
2, stealthy paws, no weapons or thrown items, no armour, multi-lived
a: Begin Untransformation, Renounce Religion, Minor Destruction, Lesser Servant
of Makhleb, Major Destruction, Greater Servant of Makhleb


You were on level 12 of the Dungeon.
You worshipped Makhleb.
Makhleb was extremely pleased with you.
You were something dangerously unstable.
You visited 1 branch of the dungeon, and saw 12 of its levels.
You also visited: Ossuary and Bailey.

You collected 813 gold pieces.

Inventory:

Jewellery
 f - an amulet of guardian spirit (around neck)
 j - a ring of protection from cold (right paw)
 m - a ring of willpower
 q - a ring of willpower (left paw)
 z - a ring of ice
Talismans
 b - a beast talisman
 c - a flux talisman (active)
 r - a storm talisman
Wands
 u - a wand of charming (14) (quivered)
 A - a wand of roots (4)
Scrolls
 e - 2 scrolls of torment
 h - 3 scrolls of teleportation
 l - a scroll of silence
 o - 3 scrolls of fog
 w - 2 scrolls of vulnerability
Potions
 a - a potion of magic
 d - 3 potions of brilliance {unknown}
 g - 2 potions of attraction
 i - 2 potions of ambrosia
 n - 9 potions of curing
 p - 3 potions of lignification
 s - 2 potions of resistance {unknown}
 t - 4 potions of invisibility
 v - 4 potions of haste {unknown}
 x - a potion of berserk rage
 B - a potion of cancellation


   Skills:
 - Level 3.0 Fighting
 - Level 5.0 Dodging
 - Level 2.0 Stealth
 + Level 12.2 Unarmed Combat
 - Level 1.0 Spellcasting
 + Level 5.3 Invocations
 - Level 3.0 Evocations
 + Level 9.8 Shapeshifting


You had 12 spell levels left.
You didn't know any spells.
Your spell library contained the following spells:

 Spells                   Type           Power      Damage    Failure   Level
 Freeze                   Ice            0%         1d3       26%         1
 Kiss of Death            Conj/Necr      0%         2d5       26%         1
 Confusing Touch          Hex            0%         N/A       61%         3
 Frozen Ramparts          Ice            0%         1d1       61%         3
 Hailstorm                Conj/Ice       0%         3d5       61%         3
 Animate Dead             Necr           0%         N/A       95%         4
 Dispel Undead            Necr           0%         3d6       95%         4
 Leda's Liquefaction      Alch/Erth      0%         N/A       95%         4
 Lee's Rapid Deconstruct  Erth           0%         3d4*      100%        5
 Bombard                  Conj/Erth      0%         9d1       100%        6
 Haunt                    Necr/Summ      0%         N/A       100%        7
 Infestation              Necr           0%         N/A       100%        8


Dungeon Overview and Level Annotations

Branches:
Dungeon (12/15)            Temple (0/1) D:6            Lair (0/5) D:9
Ossuary (visited)          Bailey (visited)
    Orc: D:9-12

Altars:
Cheibriados
Dithmenos
Fedhas
Hepliaklqana
Kikubaaqudgha
Makhleb
Qazlal
Ru
Sif Muna
Trog
Uskayaw
Vehumet

Annotations:
D:1 1 transporter
D:10 howech's ghost, journeyman MiBe


Innate Abilities, Weirdness & Mutations

You are something dangerously unstable.
You glow with magical radiation, making you easy to see and hit.
Foes you strike become dangerously contaminated with magical radiation.
You have sharp claws.
You have razor-sharp teeth.
You have supernaturally acute eyesight. (SInv)
You are covered in thick fur. (AC +2)
Your paws help you pounce on unaware monsters.
You are incapable of wielding weapons or throwing items.
You cannot wear armour.
You gain extra lives every three experience levels.


Message History

The slime creature is lightly wounded.
You are no longer corroded.
The slime creature hits you.
* * * LOW HITPOINT WARNING * * *
You claw the slime creature!
The slime creature shudders as magic cascades through it!
The slime creature twists and deforms.
The slime creature is severely wounded.
The slime creature misses you.
You scratch the slime creature.
The slime creature begins to glow.
You bite the slime creature.
The slime creature is severely wounded.
The slime creature hits you!
* * * LOW HITPOINT WARNING * * *
You scratch the slime creature.
The slime creature glows dangerously bright.
You bite the slime creature.
The slime creature is almost dead.
The slime creature misses you. The slime creature closely misses you.
You claw the slime creature!
You kill the slime creature!
Makhleb accepts your kill.
You feel better. The slime creature barely misses you.
You scratch the slime creature but do no damage.
The slime creature begins to glow.
The slime creature hits you.
* * * LOW HITPOINT WARNING * * *
You scratch the slime creature but do no damage.
The slime creature glows dangerously bright.
The slime creature barely misses you. The slime creature closely misses you.
You scratch the slime creature.
The slime creature shudders as magic cascades through it!
The slime creature twists and deforms.
The slime creature is moderately wounded.
The slime creature hits you!
* * * LOW HITPOINT WARNING * * *
You scratch the slime creature but do no damage.
The slime creature begins to glow.
The slime creature is moderately wounded.
The slime creature hits you.
You die...

.....# ##
......####.#
......#...)###
%............#
........#...#
...........##
....##.....##
.............#...
.........p....#
.........J....#
..........##.....
........... ....
............ ...
............< ..
##.#........ .
#.#......?.


You could see a slime creature (contam, misshapen).

Vanquished Creatures
  A two-headed ogre (D:10)
  An ugly thing (D:12)
  An orc sorcerer (Bailey)
  A kobold demonologist (Bailey)
  Maggie (D:6)
  A komodo dragon (D:10)
  Psyche (D:8)
  Sigmund (D:6)
  Eustachio (D:5)
  A slime creature (D:12)
  A shadow (D:11)
  3 yaks (D:6)
  2 steam dragons
  2 sky beasts
  9 orc warriors
  5 ogres
  A centaur (D:7)
  A phantom (D:5)
  3 kobold brigands
  3 bullfrogs
  A gnoll sergeant (D:9)
  2 scorpions
  2 burial acolytes
  7 water moccasin zombies (Ossuary)
  9 wights
  6 killer bees
  4 howler monkeys
  6 electric eels (Bailey)
  A hound (D:4)
  5 orc priests
  3 bombardier beetles
  A jelly (D:5)
  2 gnoll boudas (D:5)
  A sleepcap (D:4)
  3 iguanas
  11 orc wizards
  A bullfrog simulacrum (Ossuary)
  2 crocodile zombies (Ossuary)
  2 mummies (Ossuary)
  8 adders
  22 gnolls
  2 shadow imps
  3 white imps
  6 adder zombies
  2 dart slugs
  3 ribbon worms
  22 orcs
  5 bats
  5 endoplasms
  3 giant cockroaches
  12 hobgoblins
  10 jackals
  14 kobolds
  4 quokkas
  4 ball pythons
  3 frilled lizards
  10 gnoll zombies (Ossuary)
  12 goblins
  6 jackal zombies
  6 orc zombies (Ossuary)
  2 rats
273 creatures vanquished.

Vanquished Creatures (collateral kills)
  A hornet (D:10)
  A shadow (D:11)
  A centaur (D:10)
  An iguana (D:6)
  An adder zombie (D:6)
  2 kobolds (D:10)
7 creatures vanquished.

Grand Total: 280 creatures vanquished

Notes
Turn   | Place    | Note
-------+----------+-------------------------------------------
     0 | D:1      | hawla the Felid Shapeshifter began the quest for the Orb.
     0 | D:1      | Reached XP level 1. HP: 10/10 MP: 2/2
   202 | D:1      | Reached XP level 2. HP: 11/14 MP: 3/3
   859 | D:1      | Reached XP level 3. HP: 18/18 MP: 4/4
  1145 | D:2      | Noticed an eye of devastation
  1148 | D:2      | Found a faded altar of an unknown god.
  1150 | D:2      | Noticed an eye of devastation
  1150 | D:2      | Noticed an eye of devastation
  1150 | D:2      | Noticed a great orb of eyes
  1160 | D:2      | Prayed at the altar of an unknown god.
  1160 | D:2      | Became a worshipper of Makhleb the Destroyer
  1160 | D:2      | Reached * piety under Makhleb
  1555 | D:2      | Reached XP level 4. HP: 23/23 MP: 5/5
  1555 | D:2      | Gained a life (2 lives remaining)
  2652 | D:4      | Reached XP level 5. HP: 26/26 MP: 6/6
  2692 | D:4      | Reached skill level 4 in Unarmed Combat
  2701 | D:4      | Noticed an ogre
  2711 | D:4      | Killed an ogre
  2711 | D:4      | Reached ** piety under Makhleb
  2712 | D:4      | Gained mutation: You are covered in thick fur. (AC +2)
                  | [Felid growth]
  2712 | D:4      | Reached XP level 6. HP: 30/30 MP: 7/7
  3062 | D:4      | Found a hide-covered altar of Uskayaw.
  3157 | D:4      | Reached skill level 5 in Shapeshifting
  3564 | D:5      | Entered Level 5 of the Dungeon
  3577 | D:5      | Reached skill level 5 in Unarmed Combat
  3577 | D:5      | Reached XP level 7. HP: 21/35 MP: 5/8
  4045 | D:5      | Slain by an ogre
  4045 | D:5      | Lost a life (1 life remaining)
  4105 | D:5      | Reached *** piety under Makhleb
  4153 | D:5      | HP: 1/52 [gnoll/+0 halberd[a gnoll bouda] (5)]
  4154 | D:5      | Slain by a gnoll
  4154 | D:5      | Lost a life (0 lives remaining)
  4414 | D:5      | Reached XP level 8. HP: 19/39 MP: 5/9
  4414 | D:5      | Gained a life (1 life remaining)
  4581 | D:5      | Reached skill level 6 in Unarmed Combat
  4823 | D:6      | Noticed Maggie
  4862 | D:6      | Killed from afar by an orc wizard
  4862 | D:6      | Lost a life (0 lives remaining)
  4896 | D:6      | Noticed Eustachio
  4922 | D:5      | Killed Eustachio
  5095 | D:5      | Reached skill level 7 in Unarmed Combat
  5521 | D:6      | Found a bloodstained altar of Trog.
  5521 | D:6      | Found a blossoming altar of Fedhas.
  5525 | D:6      | Found a stormy altar of Qazlal.
  5567 | D:6      | Reached skill level 8 in Unarmed Combat
  5959 | D:7      | Reached XP level 9. HP: 27/42 MP: 6/10
  6027 | D:7      | Found a sand-covered staircase.
  6044 | Ossuary  | Entered an ossuary
  6052 | Ossuary  | Reached skill level 9 in Unarmed Combat
  6143 | Ossuary  | Reached **** piety under Makhleb
  6318 | Ossuary  | Reached skill level 10 in Unarmed Combat
  6517 | D:6      | Killed Maggie
  6518 | D:6      | Reached skill level 1 in Stealth
  6518 | D:6      | Reached skill level 1 in Invocations
  6588 | D:6      | Found a staircase to the Ecumenical Temple.
  6611 | D:6      | Reached skill level 5 in Dodging
  7032 | D:6      | Noticed Sigmund
  7040 | D:6      | Killed Sigmund
  7098 | D:6      | Found an ancient bone altar of Kikubaaqudgha.
  8123 | D:8      | Reached XP level 10. HP: 45/49 MP: 11/11
  8123 | D:8      | Gained a life (1 life remaining)
  8187 | D:8      | Noticed Psyche
  8194 | D:8      | Killed Psyche
  8195 | D:8      | Reached skill level 11 in Unarmed Combat
  8664 | D:8      | Reached skill level 1 in Spellcasting
  9253 | D:9      | Found a staircase to the Lair.
  9312 | D:9      | Found a sacrificial altar of Ru.
  9326 | D:9      | Found a hazy altar of Hepliaklqana.
  9329 | D:9      | Found a shimmering blue altar of Sif Muna.
  9333 | D:9      | Found a radiant altar of Vehumet.
  9339 | D:9      | Found a shadowy altar of Dithmenos.
  9366 | D:9      | Found a snail-covered altar of Cheibriados.
  9618 | D:10     | Entered Level 10 of the Dungeon
  9628 | D:10     | Found a flagged portal.
  9654 | Bailey   | Entered a bailey
  9828 | Bailey   | Reached skill level 1 in Evocations
  9898 | Bailey   | Acquired a manual of Shapeshifting
  9949 | Bailey   | Noticed an orc sorcerer
  9952 | Bailey   | Found the +8 trident of the Octopus King {venom, rElec
                  | rPois}
  9964 | Bailey   | Killed an orc sorcerer
 10229 | Bailey   | Reached ***** piety under Makhleb
 10275 | Bailey   | Found an iron altar of Okawaru.
 10402 | Bailey   | Identified the +2 robe of Saololio {rF+ rN+ MP+9 Stlth+}
 10763 | D:10     | Found a runed translucent gate.
 10763 | D:10     | Found a runed translucent gate.
 10763 | D:10     | Found a runed translucent gate.
 10764 | D:10     | Noticed howech's ghost (journeyman MiBe)
 10770 | D:10     | Noticed a two-headed ogre
 10782 | D:10     | Killed a two-headed ogre
 10783 | D:10     | Reached XP level 11. HP: 40/52 MP: 8/15
 10940 | D:10     | Paralysed by a hornet for 3 turns
 10943 | D:10     | Mangled by a hornet
 10943 | D:10     | Lost a life (0 lives remaining)
 10963 | D:10     | Reached skill level 12 in Unarmed Combat
 11178 | D:11     | Noticed a two-headed ogre
 11182 | D:11     | Reached skill level 5 in Invocations
 11235 | D:12     | Noticed a brown ugly thing
 11254 | D:12     | Killed a green ugly thing
 11255 | D:12     | Noticed a boulder beetle
 11273 | D:12     | Slain by a slime creature

Illustrated notes

Levels and vault maps discovered:
D:1:      spicycebolla_arrival_risky_transporter, layout_basic
D:2:      layout_basic, hellmonk_ecumenical_altar_watching_god
D:3:      layout_loops_ring
D:4:      layout_basic, nicolae_uskayaw_murder_on_the_dancefloor, serial_curves,
          eino_curves_03, eino_curves_01, st_stairs_1, serial_bayou_pond_b
D:5:      layout_basic
D:6:      layout_loops_ring, lemuel_zombie_altar_kikubaaqudgha,
          gammafunk_temple_overflow_forgotten, minmay_temple_entry_glass,
          uniq_maggie, uniq_eustachio, uniq_sigmund
D:7:      layout_basic, nicolae_ossuary_entry_ruins, st_stairs_6
D:8:      layout_loops_ring, uniq_psyche
D:9:      layout_rooms, nicolae_overflow_hallway_of_the_gods, slow_altar_1,
          dpeg_oklobed_lair, hangedman_abyss_or_decor_lesser_grid,
          chequers_serial_rivers_marsh
D:10:     layout_rooms, gammafunk_ghost_spectres, enter_bailey_6
D:11:     layout_cave_pods, kennysheep_orc_monster_closet_entryway,
          trog_butcher_becter
D:12:     layout_cave_pools, minivault_12

Skill      XL: |  1  2  3  4  5  6  7  8  9 10 11 |
---------------+----------------------------------+-----
Dodging        | 3 4 5 |  5.0
Shapeshifting  | 3 4 5 6 7 9 |  9.8
Fighting       | 2 3 |  3.0
Unarmed Combat | 4 5 8 10 11 12 | 12.2
Stealth        | 1 2 |  2.0
Invocations    | 1 4 5 |  5.3
Spellcasting   | 1 |  1.0
Evocations     | 3 |  3.0

Action                     |  1- 3 |  4- 6 |  7- 9 | 10-12 || total
---------------------------+-------+-------+-------+-------++-------
  Melee: Unarmed           |   107 |    99 |   483 |   311 ||  1000
         Bite              |    11 |    10 |    72 |    51 ||   144
         Punch             |     1 |     4 |     3 |     3 ||    11
 Invoke: Lesser Servant of |       |       |     2 |       ||     2
         Minor Destruction |       |       |     1 |       ||     1
  Evoke: Wand              |       |       |       |    21 ||    21
    Use: Scroll            |     4 |     5 |    12 |     9 ||    30
         Potion            |       |       |     6 |     4 ||    10
   Stab: Sleeping          |     2 |     1 |       |       ||     3
 Armour: Skin              |    31 |    28 |   166 |   138 ||   363
  Dodge: Dodged            |    81 |    71 |   370 |   310 ||   832
   Form: Flux              |       |       |     1 |       ||     1
